MID
LAKEWOOD BLUECLAWS @ GREAT LAKES LOONS
04/14/2048
 
TOP OF THE 1ST
Lakewood BlueClaws batting - Pitching for Great Lakes Loons : RHP Derek Ziolkowski
Pitching: RHP Derek Ziolkowski
Batting: LHB Matt Urbanek 0-0: Ball
1-0: Ball
2-0: Ground out 5-3 (Groundball, 5L, EV 103.1 MPH)
Batting: RHB Vaclav Been 0-0: Called Strike
0-1: SINGLE (Line Drive, 78S, EV 100.6 MPH)
Batting: RHB Mike Bell 0-0: Called Strike
0-1: Ground out 5-3 (Groundball, 56S, EV 76.9 MPH)
Vaclav Been to second
Batting: RHB Victor Arias 0-0: Foul Ball, location: 2F
0-1: Fly out, F5 (Popup, 5, EV 77.5 MPH)
Top of the 1st over - 0 runs, 1 hit, 0 errors, 1 left on base; Lakewood 0 - Great Lakes 0
BOTTOM OF THE 1ST
Great Lakes Loons batting - Pitching for Lakewood BlueClaws : RHP Gregorio Padilla
Pitching: RHP Gregorio Padilla
Batting: RHB Jason Baldwin 0-0: Swinging Strike
0-1: Called Strike
0-2: Ball
1-2: Strikes out looking
Batting: LHB Tore Bosch 0-0: Called Strike
0-1: Fly out, F8 (Flyball, 8RXD, EV 110.0 MPH)
Batting: LHB Jesus Ramirez 0-0: Foul Ball, location: 2F
0-1: Foul Ball, location: 2F
0-2: Ground out 4-3 (Groundball, 4, EV 103.8 MPH)
Bottom of the 1st over - 0 runs, 0 hits, 0 errors, 0 left on base; Lakewood 0 - Great Lakes 0
TOP OF THE 2ND
Lakewood BlueClaws batting - Pitching for Great Lakes Loons : RHP Derek Ziolkowski
Batting: LHB Eric Farren 0-0: Ball
1-0: Called Strike
1-1: Reached on error, E6 (Groundball, 6, EV 84.4 MPH)
Batting: RHB Trent Hedrick 0-0: Fly out, F6 (Popup, 6MD, EV 51.9 MPH)
Batting: SHB Steve DeRienzo 0-0: SINGLE (Flyball, 89S, EV 87.5 MPH)
Eric Farren to third
Runner from 3rd tries for Home, SAFE, throw by RF to home
Batting: RHB Johnny Burroughs 0-0: Ball
Steve DeRienzo steals 2nd, throwing error, E2
Steve DeRienzo to third
1-0: Foul Ball, location: 2F
1-1: Ball
2-1: Foul Ball, location: 2F
2-2: DOUBLE (Groundball, 5L, EV 102.5 MPH)
Steve DeRienzo scores
Batting: LHB Joel Moore 0-0: Called Strike
0-1: Ball
1-1: Ball
2-1: Foul Ball, location: 2F
2-2: Fly out, F6 (Line Drive, 6, EV 62.5 MPH)
Batting: LHB Matt Urbanek 0-0: Foul Ball, location: 2F
0-1: Foul Ball, location: 2F
0-2: Ball
1-2: Foul Ball, location: 2F
1-2: Foul Ball, location: 2F
1-2: SINGLE (Line Drive, 89S, EV 94.4 MPH)
Johnny Burroughs to third
Batting: RHB Vaclav Been 0-0: Called Strike
0-1: Ball
1-1: Ball
2-1: Ground out 1-3 (Groundball, 13S, EV 72.5 MPH)
Top of the 2nd over - 2 runs, 3 hits, 2 errors, 2 left on base; Lakewood 2 - Great Lakes 0
BOTTOM OF THE 2ND
Great Lakes Loons batting - Pitching for Lakewood BlueClaws : RHP Gregorio Padilla
Batting: SHB Xavier Alaniz 0-0: Fly out, F8 (Flyball, 78M, EV 93.1 MPH)
Batting: RHB Javier Solis 0-0: Ball
1-0: Foul Ball, location: 2F
1-1: Called Strike
1-2: Ball
2-2: Foul Ball, location: 2F
2-2: Ball
3-2: Foul Ball, location: 2F
3-2: SINGLE (Groundball, 6D, EV 103.1 MPH)
Batting: LHB Jim Jardine 0-0: DOUBLE (Line Drive, 9LS, EV 93.8 MPH)
Javier Solis to third
Runner from 3rd tries for Home, SAFE, throw by RF to home
Batting: RHB Steve Clark 0-0: Ball
1-0: Foul Ball, location: 2F
1-1: Foul Ball, location: 2F
1-2: Ground out 5-3 (Groundball, 5, EV 81.2 MPH)
Batting: RHB Ruben Serrata 0-0: Ball
1-0: Fly out, F8 (Flyball, 8RXD, EV 97.5 MPH)
Bottom of the 2nd over - 1 run, 2 hits, 0 errors, 1 left on base; Lakewood 2 - Great Lakes 1
TOP OF THE 3RD
Lakewood BlueClaws batting - Pitching for Great Lakes Loons : RHP Derek Ziolkowski
Batting: RHB Mike Bell 0-0: Foul Ball, location: 2F
0-1: Ball
1-1: Ball
2-1: Called Strike
2-2: Fly out, F9 (Flyball, 89D, EV 81.2 MPH)
Batting: RHB Victor Arias 0-0: Ball
1-0: Ground out 4-3 (Groundball, 4, EV 87.5 MPH)
Batting: LHB Eric Farren 0-0: Foul Ball, location: 2F
0-1: Ball
1-1: Ball
2-1: Foul Ball, location: 2F
2-2: Strikes out looking
Top of the 3rd over - 0 runs, 0 hits, 0 errors, 0 left on base; Lakewood 2 - Great Lakes 1
BOTTOM OF THE 3RD
Great Lakes Loons batting - Pitching for Lakewood BlueClaws : RHP Gregorio Padilla
Batting: RHB Trevor Conklin 0-0: Ball
1-0: Foul Ball, location: 2F
1-1: Called Strike
1-2: Foul Ball, location: 2F
1-2: Fly out, F6 (Line Drive, 6M, EV 67.5 MPH)
Batting: RHB Jason Baldwin 0-0: Ball
1-0: Ball
2-0: Ground out 6-3 (Groundball, 6, EV 90.0 MPH)
Batting: LHB Tore Bosch 0-0: Ball
1-0: Ball
2-0: Ball
3-0: Called Strike
3-1: Swinging Strike
3-2: Fly out, F9 (Flyball, 9D, EV 91.2 MPH)
Bottom of the 3rd over - 0 runs, 0 hits, 0 errors, 0 left on base; Lakewood 2 - Great Lakes 1
TOP OF THE 4TH
Lakewood BlueClaws batting - Pitching for Great Lakes Loons : RHP Derek Ziolkowski
Batting: RHB Trent Hedrick 0-0: Swinging Strike
0-1: Ball
1-1: Foul Ball, location: 2F
1-2: Foul Ball, location: 2F
1-2: Strikes out looking
Batting: SHB Steve DeRienzo 0-0: Fly out, F8 (Flyball, 8LS, EV 76.9 MPH)
Batting: RHB Johnny Burroughs 0-0: Foul Ball, location: 2F
0-1: Foul Ball, location: 2F
0-2: Strikes out looking
Top of the 4th over - 0 runs, 0 hits, 0 errors, 0 left on base; Lakewood 2 - Great Lakes 1
BOTTOM OF THE 4TH
Great Lakes Loons batting - Pitching for Lakewood BlueClaws : RHP Gregorio Padilla
Batting: LHB Jesus Ramirez 0-0: Ball
1-0: Ground out 4-3 (Groundball, 4, EV 104.4 MPH)
Batting: SHB Xavier Alaniz 0-0: Foul Ball, location: 2F
0-1: Ball
1-1: Ball
2-1: Ball
3-1: Called Strike
3-2: Base on Balls
Batting: RHB Javier Solis 0-0: Called Strike
0-1: Called Strike
0-2: Foul Ball, location: 2F
0-2: Ball
1-2: Fly out, F7 (Flyball, 7D, EV 101.9 MPH)
Batting: LHB Jim Jardine 0-0: Called Strike
0-1: SINGLE (Line Drive, 89S, EV 106.2 MPH)
Xavier Alaniz to second
Batting: RHB Steve Clark 0-0: Ball
1-0: Hit by Pitch
Xavier Alaniz to third
Jim Jardine to second
Batting: RHB Ruben Serrata 0-0: Called Strike
0-1: Ball
1-1: Ball
2-1: Ball
3-1: Base on Balls
Xavier Alaniz scores
Jim Jardine to third
Steve Clark to second
Batting: RHB Trevor Conklin 0-0: Ball
1-0: Ball
2-0: Called Strike
2-1: Ball
3-1: Fielders Choice at 2nd, 6-4 (Groundball, 4M, EV 89.4 MPH)
Bottom of the 4th over - 1 run, 1 hit, 0 errors, 3 left on base; Lakewood 2 - Great Lakes 2
TOP OF THE 5TH
Lakewood BlueClaws batting - Pitching for Great Lakes Loons : RHP Derek Ziolkowski
Batting: LHB Joel Moore 0-0: Called Strike
0-1: Called Strike
0-2: Ball
1-2: SINGLE (Groundball, 34D, EV 108.8 MPH) (infield hit)
Batting: LHB Matt Urbanek 0-0: Ball
1-0: Foul Ball, location: 2F
1-1: Ball
2-1: Swinging Strike
2-2: Fly out, F8 (Line Drive, 8LD, EV 93.8 MPH)
Batting: RHB Vaclav Been 0-0: Foul Ball, location: 2F
0-1: Ball
1-1: Swinging Strike
1-2: Strikes out swinging
Batting: RHB Mike Bell 0-0: Ball
1-0: Fly out, F8 (Flyball, 8RS, EV 96.2 MPH)
Top of the 5th over - 0 runs, 1 hit, 0 errors, 1 left on base; Lakewood 2 - Great Lakes 2
BOTTOM OF THE 5TH
Great Lakes Loons batting - Pitching for Lakewood BlueClaws : RHP Gregorio Padilla
Batting: RHB Jason Baldwin 0-0: Swinging Strike
0-1: Ground out U3 (Groundball, 34, EV 84.4 MPH)
Batting: LHB Tore Bosch 0-0: Ball
1-0: Called Strike
1-1: Ball
2-1: Foul Ball, location: 2F
2-2: Foul Ball, location: 2F
2-2: Ball
3-2: Ground out 5-3 (Groundball, 56, EV 108.1 MPH)
Batting: LHB Jesus Ramirez 0-0: Ball
1-0: Ball
2-0: Ball
3-0: Base on Balls
Batting: SHB Xavier Alaniz 0-0: Ball
1-0: Foul Ball, location: 2F
1-1: Ball
Balk!
Jesus Ramirez to second
2-1: Ball
3-1: Called Strike
3-2: Foul Ball, location: 2F
3-2: Foul Ball, location: 2F
3-2: Foul Ball, location: 2F
3-2: Strikes out swinging
Bottom of the 5th over - 0 runs, 0 hits, 0 errors, 1 left on base; Lakewood 2 - Great Lakes 2
TOP OF THE 6TH
Lakewood BlueClaws batting - Pitching for Great Lakes Loons : RHP Derek Ziolkowski
Batting: RHB Victor Arias 0-0: Called Strike
0-1: Ground out 4-3 (Groundball, 4, EV 104.4 MPH)
Batting: LHB Eric Farren 0-0: Foul Ball, location: 2F
0-1: Ball
1-1: Fly out, F7 (Flyball, 7, EV 91.9 MPH)
Batting: RHB Trent Hedrick 0-0: Swinging Strike
0-1: Called Strike
0-2: Strikes out looking
Top of the 6th over - 0 runs, 0 hits, 0 errors, 0 left on base; Lakewood 2 - Great Lakes 2
BOTTOM OF THE 6TH
Great Lakes Loons batting - Pitching for Lakewood BlueClaws : RHP Gregorio Padilla
Pitching: RHP Ian Savary
Batting: RHB Javier Solis 0-0: Foul Ball, location: 2F
0-1: Ball
1-1: Ball
2-1: Ball
3-1: Base on Balls
Batting: LHB Jim Jardine 0-0: Foul Ball, location: 2F
0-1: Ball
1-1: Foul Ball, location: 2F
1-2: Ball
2-2: Strikes out looking
Batting: RHB Steve Clark 0-0: Ball
1-0: SINGLE (Groundball, 56D, EV 103.1 MPH)
Javier Solis to second
Batting: RHB Ruben Serrata 0-0: Ball
1-0: Called Strike
1-1: Called Strike
1-2: Ball
2-2: Ball
3-2: Strikes out swinging
Batting: RHB Trevor Conklin 0-0: Called Strike
0-1: Foul Ball, location: 2F
0-2: Ball
1-2: Ball
2-2: Foul Ball, location: 2F
2-2: Strikes out swinging
Bottom of the 6th over - 0 runs, 1 hit, 0 errors, 2 left on base; Lakewood 2 - Great Lakes 2
TOP OF THE 7TH
Lakewood BlueClaws batting - Pitching for Great Lakes Loons : RHP Derek Ziolkowski
Batting: SHB Steve DeRienzo 0-0: Ball
1-0: Foul Ball, location: 2F
1-1: Ball
2-1: Ball
3-1: Swinging Strike
3-2: Strikes out swinging
Batting: RHB Johnny Burroughs 0-0: Called Strike
0-1: Ball
1-1: Foul Ball, location: 2F
1-2: Foul Ball, location: 2F
1-2: Ball
2-2: Ball
3-2: Strikes out swinging
Batting: LHB Joel Moore 0-0: Ball
1-0: Ball
2-0: Ball
3-0: Called Strike
3-1: Base on Balls
Pitching: RHP Cameron Williams
Batting: LHB Matt Urbanek 0-0: Ball
1-0: Foul Ball, location: 2F
1-1: Foul Ball, location: 2F
1-2: Foul Ball, location: 2F
1-2: Ground out 5-3 (Groundball, 5S, EV 87.5 MPH)
Top of the 7th over - 0 runs, 0 hits, 0 errors, 1 left on base; Lakewood 2 - Great Lakes 2
BOTTOM OF THE 7TH
Great Lakes Loons batting - Pitching for Lakewood BlueClaws : RHP Ian Savary
Pitching: RHP Andrew Giles
Batting: RHB Jason Baldwin 0-0: SINGLE (Line Drive, 4MD, EV 94.4 MPH)
Batting: LHB Tore Bosch 0-0: Ball
1-0: Called Strike
Jason Baldwin steals 2nd base (no throw)
1-1: Ball
2-1: Sac Bunt to 13 - play at first, batter OUT! 1-4
Jason Baldwin to third
Batting: LHB Jesus Ramirez 0-0: Called Strike
0-1: Ball
1-1: Foul Ball, location: 2F
1-2: Foul Ball, location: 2F
1-2: Fly out, F9 (Flyball, 9D, EV 100.0 MPH)
Runner from 3rd tags up, SCORES, no throw by RF
Batting: SHB Xavier Alaniz 0-0: Ball
1-0: SINGLE (Groundball, 4M, EV 100.0 MPH) (infield hit)
Batting: RHB Javier Solis 0-0: Called Strike
0-1: Ball
1-1: Ball
2-1: Ball
3-1: Base on Balls
Xavier Alaniz to second
Pinch Runner at 2nd Cory Bowler:
Batting: LHB Jim Jardine 0-0: Foul Ball, location: 2F
0-1: Ball
1-1: Ball
2-1: 3-RUN HOME RUN (Flyball, 89XD, EV 108.1 MPH), Distance : 420 ft
Pitching: RHP Ramon Mena
Batting: RHB Steve Clark 0-0: Ball
1-0: Foul Ball, location: 2F
1-1: Ground out 6-3 (Groundball, 6, EV 109.4 MPH)
Bottom of the 7th over - 4 runs, 3 hits, 0 errors, 0 left on base; Lakewood 2 - Great Lakes 6
TOP OF THE 8TH
Lakewood BlueClaws batting - Pitching for Great Lakes Loons : RHP Cameron Williams
Now in LF: Justin Curran
Now in RF: Joe Bower
Batting: RHB Vaclav Been 0-0: Called Strike
0-1: Called Strike
0-2: Ball
1-2: Ball
2-2: Ball
3-2: Foul Ball, location: 2F
3-2: Ground out 1-6-3 (Groundball, 15S, EV 110.0 MPH)
Batting: RHB Mike Bell 0-0: Ball
1-0: Foul Ball, location: 2F
1-1: Ball
2-1: Ball
3-1: Swinging Strike
3-2: Strikes out swinging
Batting: RHB Victor Arias 0-0: Ground out 6-3 (Groundball, 6, EV 105.6 MPH)
Top of the 8th over - 0 runs, 0 hits, 0 errors, 0 left on base; Lakewood 2 - Great Lakes 6
BOTTOM OF THE 8TH
Great Lakes Loons batting - Pitching for Lakewood BlueClaws : RHP Ramon Mena
Batting: RHB Ruben Serrata 0-0: Ball
1-0: Called Strike
1-1: Called Strike
1-2: Ball
2-2: Ball
3-2: SINGLE (Groundball, 5S, EV 67.5 MPH) (infield hit)
Batting: RHB Trevor Conklin 0-0: Swinging Strike
0-1: SINGLE (Groundball, 4D, EV 100.6 MPH)
Ruben Serrata to second
Runner from 2nd tries for 3rd, SAFE, no throw by RF
Batting: RHB Jason Baldwin 0-0: Fielders Choice at 2nd, 3-6 (Groundball, 3, EV 81.2 MPH)
Ruben Serrata scores
Batting: LHB Tore Bosch 0-0: Ball
1-0: Called Strike
1-1: Foul Ball, location: 2F
1-2: Strikes out swinging
Batting: LHB Jesus Ramirez 0-0: Called Strike
Jason Baldwin steals 2nd base
0-1: Ball
1-1: Ball
2-1: Called Strike
2-2: Ball
3-2: Ground out U3 (Groundball, 34, EV 99.4 MPH)
Bottom of the 8th over - 1 run, 2 hits, 0 errors, 1 left on base; Lakewood 2 - Great Lakes 7
TOP OF THE 9TH
Lakewood BlueClaws batting - Pitching for Great Lakes Loons : RHP Cameron Williams
Batting: LHB Eric Farren 0-0: Ground out U3 (Groundball, 3, EV 80.6 MPH)
Batting: RHB Trent Hedrick 0-0: Ground out 5-3 (Groundball, 56, EV 80.6 MPH)
Batting: SHB Steve DeRienzo 0-0: Called Strike
0-1: Foul Ball, location: 2F
0-2: Ball
1-2: Ball
2-2: Strikes out looking
Top of the 9th over - 0 runs, 0 hits, 0 errors, 0 left on base; Lakewood 2 - Great Lakes 7
Tuesday, March 28th , 2023 - OOTP Baseball 23.10 Build 110